 Dungeon Crawl Stone Soup version 0.28.0-45-g0d030f2227 (webtiles) character file.

Game seed: 15169572357516215526

37 zeratav the Insei (level 3, 0/23 HPs)
             Began as an Octopode Transmuter on Apr 10, 2022.
             Slain by a goblin
             ... wielding a +0 club
             ... led by Robin
              (6 damage)
             ... on level 2 of the Dungeon.
             The game lasted 00:01:00 (566 turns).

zeratav the Insei (Octopode Transmuter)              Turns: 566, Time: 00:01:00

Health: 0/23       AC:  1    Str:  9    XL:     3   Next: 41%
Magic:  5/6        EV: 13    Int: 15    God:
Gold:   15         SH:  0    Dex: 14    Spells: 5/6 levels left

rFire   . . .      SeeInvis .     - Unarmed
rCold   . . .      Faith    .   (no shield)
rNeg    . . .      Spirit   .   (helmet currently unavailable)
rPois   .          Reflect  .   (no amulet)
rElec   .          Harm     .   (no ring)
rCorr   .          Rampage  .   (no ring)
Will    .....                   (no ring)
Stlth   +++.......              (no ring)
HPRegen 0.07/turn               (no ring)
MPRegen 0.10/turn               (no ring)
                                (no ring)
                                (no ring)

@: appendages (expiring)
A: tentacle spike 3, almost no armour, amphibious, 8 rings, camouflage 1,
gelatinous body 1, (nimble swimmer 1), tentacles
a: End Transformation


You were on level 2 of the Dungeon.
One of your tentacles had grown a beastly spike.
You visited 1 branch of the dungeon, and saw 2 of its levels.

You collected 15 gold pieces.


Innate Abilities, Weirdness & Mutations

One of your tentacles has grown a beastly spike.
You cannot wear most types of armour.
You are amphibious.
You can wear up to eight rings at the same time.
Your skin changes colour to match your surroundings (Stealth+).
Your rubbery body absorbs attacks. (AC +1, EV +1)
((You are camouflaged when in or above water. (Stealth+)))
You have tentacles for arms and can constrict up to eight enemies at once.


   Skills:
 + Level 1.6 Fighting
 + Level 2.4 Dodging
 + Level 1.6 Stealth
 * Level 3.6 Unarmed Combat
 - Level 2.0 Spellcasting
 - Level 2.0 Transmutations


You had 5 spell levels left.
You knew the following spells:

 Your Spells              Type           Power      Damage    Failure   Level
a - Beastly Appendage     Tmut           14%        N/A       10%         1

Your spell library contained the following spells:

 Spells                   Type           Power      Damage    Failure   Level
 Wereblood                Tmut           7%         N/A       14%         2
 Spider Form              Tmut/Pois      4%         N/A       41%         3
 Ice Form                 Ice/Tmut       4%         N/A       82%         4

Inventory:

Scrolls
 a - a scroll of vulnerability {unknown}
 b - a scroll of magic mapping {unknown}
Potions
 c - a potion of heal wounds {unknown}

Dungeon Overview and Level Annotations

Branches:
Dungeon (2/15)

Altars:

Annotations:
D:2 Robin

#.......................##
#.#..................g...#
###................>...#
#..............g.g.g.###...
.............................
.....######.##................
#..... #.######............
#..... #.######g.g.......$.
#..... #..g@gg..###########
#######..# #..# #..# #.)# #..#
#..# #..#


You could see Robin (resistant) and 4 goblins.


Message History

MASSIVE DAMAGE!! (PAUSE)
You are too injured to fight recklessly!
You are too injured to fight recklessly!
You are too injured to fight recklessly!
You are too injured to fight recklessly!
You are too injured to fight recklessly!
You are too injured to fight recklessly!
You are too injured to fight recklessly!
You are too injured to fight recklessly!
You are too injured to fight recklessly!
You are too injured to fight recklessly!
You are too injured to fight recklessly!
You are too injured to fight recklessly!
You are too injured to fight recklessly!
You are too injured to fight recklessly!
You are too injured to fight recklessly!
You are too injured to fight recklessly!
You are too injured to fight recklessly!
You are too injured to fight recklessly!
You are too injured to fight recklessly!
Unknown command.
You barely miss the hound.
You pierce the hound.
You constrict the hound. The hound misses you.
You tentacle-slap the hound.
You kill the hound!
Your Stealth skill increases to level 1!
You have reached level 2!
You have reached level 3!
Your experience leads to an increase in your attributes!
Increase (S)trength, (I)ntelligence, or (D)exterity?
You feel agile. x2
HP[+4] MP[+1]
You now have 23 max hp (+10).
You regained 4 hp, and now have 7/23 hp.
You start resting.
Your tentacle spike disappears.
HP[+1] MP[+3]
Your mp is fully restored (6).
You start resting.
HP[+15]
Your hp is fully restored (23).
A goblin comes into view. It is wielding a +0 dagger.
One of your tentacles grows a vicious spike.
MP[-1]
You lost 1 mp, and now have 5/6 mp.
A hobgoblin and a goblin come into view.
A goblin comes into view. It is wielding a +0 dagger.
Robin, a hobgoblin and a goblin come into view.
The goblin shouts!
You hear a shout!
Your transformation is almost over.
The goblin shouts!
You hear a shout!
MP[+1]
Your mp is fully restored (6).
Your tentacle spike disappears.
One of your tentacles grows a vicious spike.
MP[-1]
You lost 1 mp, and now have 5/6 mp.
A goblin comes into view. It is wielding a +0 dagger.
The goblin misses you. Robin throws the goblin at you!
The goblin moves out of view.
HP[-2]
You take 2 damage, and now have 21/23 hp.
You closely miss the goblin. Your grab misses the goblin.
The goblin misses you.
The goblin hits you with a +0 dagger. x2
HP[-5]
You take 5 damage, and now have 16/23 hp.
MASSIVE DAMAGE!! (PAUSE)
You miss the goblin. Your grab misses the goblin.
The goblin closely misses you.
The goblin hits you with a +0 dagger. x2
Robin drinks a potion.
Robin suddenly seems more resistant.
A goblin comes into view. It is wielding a +3 dagger.
HP[-3]
You take 3 damage, and now have 13/23 hp.
You tentacle-slap the goblin.
You kill the goblin!
The goblin hits you with a +0 dagger.
* * * LOW HITPOINT WARNING * * *
A goblin comes into view. It is wielding a +0 club.
The goblin closely misses you.
HP[-3]
You take 3 damage, and now have 10/23 hp.
Things that are here:
a +0 dagger {short}; a goblin corpse Robin throws the goblin at you!
* * * LOW HITPOINT WARNING * * *
The goblin barely misses you.
HP[-2]
You take 2 damage, and now have 8/23 hp.
You tentacle-slap the goblin.
You kill the goblin!
Your transformation is almost over.
Robin roars a battlecry!
The goblins go into a battle-frenzy!
The goblin misses you.
You barely miss the goblin. Your grab misses the goblin.
Your tentacle spike misses the goblin.
Robin throws the goblin at you!
* * * LOW HITPOINT WARNING * * *
The goblin hits you with a club.
You die...

Skill      XL: |  1 |
---------------+----+-----
Stealth        | 1 |  1.6
Fighting       | |  1.6
Dodging        | |  2.4
Unarmed Combat | |  3.6
Spellcasting   | |  2.0
Transmutations | |  2.0

Action                   || total
-------------------------++-------
Melee: Unarmed           ||    15
       Kick              ||     4
       Tentacles         ||     2
       Constrict         ||     1
 Cast: Beastly Appendage ||     8
 Stab: Sleeping          ||     2
Armor: Skin              ||     1
Dodge: Dodged            ||    11

Levels and vault maps discovered:
D:1:      elethiomel_arrival_infinity_welcomes_careful_drivers, layout_basic,
          basic_ecumenical_altar
D:2:      layout_basic, basic_altar, grunt_decor_resistance, uniq_robin

Notes
Turn   | Place    | Note
-------+----------+-------------------------------------------
     0 | D:1      | zeratav the Octopode Transmuter began the quest for the
                  | Orb.
     0 | D:1      | Reached XP level 1. HP: 13/13 MP: 3/3
     0 | D:1      | magus.rc [v1.9.6]
   266 | D:1      | You fall into a shaft and drop 1 floor!
   294 | D:2      | Noticed a hound
   298 | D:2      | HP: 3/13 [hound (5)]
   300 | D:2      | Killed a hound
   301 | D:2      | Reached skill level 1 in Stealth
   301 | D:2      | Reached XP level 2. HP: 5/18 MP: 3/5
   301 | D:2      | Reached XP level 3. HP: 7/23 MP: 3/6
   544 | D:2      | Noticed Robin
   566 | D:2      | Slain by a goblin

Vanquished Creatures
  A hound (D:2)
  3 endoplasms (D:1)
  3 goblins
7 creatures vanquished.

Table legend:
 A = Non-vault XP
 B = Vault XP
 C = Vault XP percentage of total XP
 D = Non-vault monster count
 E = Vault monster count
 F = Vault count percentage of total count
                 A         B        C        D         E       F
            +---------+---------+-------+---------+---------+-------
      Total |      50 |       4 |   7.4 |       5 |       2 |  28.6
            +---------+---------+-------+---------+---------+-------
        D:1 |       7 |       0 |   0.0 |       4 |       0 |   0.0
        D:2 |      43 |       4 |   8.5 |       1 |       2 |  66.7
            +---------+---------+-------+---------+---------+-------

Illustrated notes

Table legend:
 A = Kills in this place as a percentage of kills in entire the game.
 B = Kills by you in this place as a percentage of kills by you in the entire game.
 C = Kills by friends in this place as a percentage of kills by friends in the entire game.
 D = Other kills in this place as a percentage of other kills in the entire game.
 E = Experience gained in this place as a percentage of experience gained in the entire game.
 F = Experience gained in this place divided by the number of levels of this place that you have seen.
                   A       B       C       D       E      F
               +-------+-------+-------+-------+-------+----------------------
         Total | 100.0 | 100.0 |   N/A |   N/A | 100.0 |  27.0
       Dungeon | 100.0 | 100.0 |   N/A |   N/A | 100.0 |  27.0
               +-------+-------+-------+-------+-------+----------------------

Table legend: (Time is in decaauts)
 A = Elapsed time spent in this place.
 B = Non-inter-level travel time spent in this place.
 C = Inter-level travel time spent in this place.
 D = Time resting spent in this place.
 E = Time spent auto-exploring this place.
 F = Levels seen in this place.
 G = Mean time per level.
                   A        B        C        D        E       F      G
               +--------+--------+--------+--------+--------+-----+--------+
         Total |    564 |    562 |      2 |    228 |    270 |   2 |  282.0 |
       Dungeon |    564 |    562 |      2 |    228 |    270 |   2 |  282.0 |
               +--------+--------+--------+--------+--------+-----+--------+

Top non-repeatable levels by time:
     D:2: 299 daAuts
     D:1: 265 daAuts
